 Dungeon Crawl Stone Soup version 0.23-a0-470-g6f7cfd9 (webtiles) character file.

51 Lavandula the Gusty (level 3, -4/28 HPs)
             Began as a Naga Air Elementalist on Nov 26, 2018.
             Slain by an orc
             ... wielding a +0 flail
              (8 damage)
             ... on level 3 of the Dungeon.
             The game lasted 00:04:43 (647 turns).

Lavandula the Gusty (Naga Air Elementalist)          Turns: 647, Time: 00:04:44

Health: -4/28      AC:  2    Str: 10    XL:     3   Next: 83%
Magic:  1/7        EV: 10    Int: 16    God:
Gold:   57         SH:  0    Dex: 11    Spells: 5/8 levels left

rFire    . . .     SeeInvis +   b - +0 dagger
rCold    . . .     Gourm    .   (no shield)
rNeg     . . .     Faith    .   a - +0 robe
rPois    +         Spirit   .   (no helmet)
rElec    .         Reflect  .   (no cloak)
rCorr    .         Harm     .   (no gloves)
MR       .....                  (no barding)
Stlth    ++........             (no amulet)
HPRegen  0.09/turn              (no ring)
MPRegen  0.10/turn              (no ring)

@: short of breath, very slow
A: large, see invisible, deformed body, poison resistance, slowness 2, slow
metabolism 1, spit poison 1, AC +1
a: Spit Poison


You were on level 3 of the Dungeon.
You were not hungry.

You visited 1 branch of the dungeon, and saw 3 of its levels.

You collected 57 gold pieces.

Inventory:

Hand Weapons
 b - a +0 dagger (weapon)
 j - a +2 hunting sling of velocity
Armour
 a - a +0 robe (worn)
Scrolls
 d - a scroll of magic mapping
 f - a scroll of blinking {unknown}
 h - a scroll of noise {unknown}
 i - 2 scrolls of fog
 k - a scroll of remove curse
 l - a scroll of enchant weapon {unknown}
 m - a scroll of enchant armour {unknown}
Potions
 e - a potion of flight {unknown}
 g - a potion of curing
Comestibles
 c - 6 rations


   Skills:
 - Level 1.5 Dodging
 - Level 3.0 Stealth
 - Level 3.1 Spellcasting
 - Level 1.0 Conjurations
 + Level 3.8 Air Magic


You had 5 spell levels left.
You knew the following spells:

 Your Spells              Type           Power        Failure   Level  Hunger
a - Shock                 Conj/Air       ##..         7%          1    None
b - Swiftness             Chrm/Air       #.......     13%         2    ##.....

Your spell library contained the following spells:

 Spells                   Type           Power        Failure   Level  Hunger
 Static Discharge         Conj/Air       ##......     21%         3    ###....
 Airstrike                Air            ##........   36%         4    ####...
 Lightning Bolt           Conj/Air       ##........   88%         5    ######.


Dungeon Overview and Level Annotations

Branches:
Dungeon (3/15)

Altars:
Cheibriados


Innate Abilities, Weirdness & Mutations

You cannot wear boots.
Your serpentine skin is tough. (AC +1)
You have supernaturally acute eyesight. (SInv)
Armour fits poorly on your strangely shaped body.
Your system is resistant to poisons. (rPois)
You cover ground very slowly.
You have a slow metabolism.
You can spit poison.


Message History

Confirm with . or Enter, or press ? or * to list all spells.
Aiming: Shock (safe; 7% risk of failure)
Press: ? - help, Shift-Dir - straight line The zap hits the orc.
The orc is heavily wounded.
The zap hits the orc.
The orc is almost dead.
The orc hits you with a +0 flail!
* * * LOW HITPOINT WARNING * * *
Press: ? - help, Shift-Dir - straight line, f - orc
Aim: an orc, wielding a +0 flail and wearing a +0 leather armour (severely The splash of poison hits the orc.
The orc appears unharmed.
The orc is severely wounded.
You feel slightly more hungry. The orc misses you.
Casting: Shock (safe; 7% risk of failure)
Confirm with . or Enter, or press ? or * to list all spells.
You don't have enough magic to cast that spell.
Unknown command.
The orc hits you with a +0 flail!
You die...

#)).≈P#.....#..
#..(≈≈≈......#.
#.)≈≈≈≈.#......
#...≈.P†.....# #....##.#..
#.(.###†# ..# #.#
#..####.# ..# #.#
#...o.#.# #.## #.#
#.###@#.# #..# #.#
#.......# #..# ###.#
#####.### #..# # . #...#
#.#####..# .#... #...#
####......<.#......
#..<#######......###.....#
#...##.......)...# #.#...#
#....'...........+...#h#.#
####.#...........#####.. #


You could see an orc.

Vanquished Creatures
  A worm (D:3)
  2 leopard geckos
  3 orcs
  2 ball pythons
  3 giant cockroaches
  7 goblins
  2 hobgoblins (D:1)
  4 jackals
  5 kobolds
  A quokka (D:2)
  3 bats
  2 frilled lizards
  2 rats (D:1)
37 creatures vanquished.

Notes
Turn   | Place    | Note
-------+----------+-------------------------------------------
     0 | D:1      | Lavandula the Naga Air Elementalist began the quest for the
                  | Orb.
     0 | D:1      | Reached XP level 1. HP: 15/15 MP: 3/3
    74 | D:1      | Reached XP level 2. HP: 22/22 MP: 2/5
   312 | D:1      | Reached XP level 3. HP: 24/28 MP: 3/7
   316 | D:1      | Learned a level 2 spell: Swiftness
   408 | D:2      | Found a snail-covered altar of Cheibriados.
   647 | D:3      | Slain by an orc

Vault maps used:
D:1:      matt_arrival_spirals, minmay_misc_feat_diagonals
D:2:      old_standard_altar, lemuel_round_altar, first_ration
D:3:      old_standard_altar, serial_bayou_pond_d, hangedman_decor_lopped

Skill      XL: |  1  2 |
---------------+-------+-----
Spellcasting   | 3 |  3.1
Dodging        | |  1.5
Stealth        | |  3.0
Conjurations   | |  1.0
Air Magic      | |  3.8

Action                   || total
-------------------------++-------
Melee: Unarmed           ||     2
       Dagger            ||     3
 Cast: Shock             ||    46
 Abil: Spit Poison       ||    31
  Use: Scroll            ||     4
 Stab: Sleeping          ||     1
  Eat: Chunk             ||     1
Armor: Robe              ||     8
Dodge: Dodged            ||    20

Table legend:
 A = Non-vault XP
 B = Vault XP
 C = Vault XP percentage of total XP
 D = Non-vault monster count
 E = Vault monster count
 F = Vault count percentage of total count
                 A         B        C        D         E       F
            +---------+---------+-------+---------+---------+-------
      Total |      74 |       0 |   0.0 |      37 |       0 |   0.0
            +---------+---------+-------+---------+---------+-------
        D:1 |      38 |       0 |   0.0 |      21 |       0 |   0.0
        D:2 |      16 |       0 |   0.0 |       8 |       0 |   0.0
        D:3 |      20 |       0 |   0.0 |       8 |       0 |   0.0
            +---------+---------+-------+---------+---------+-------
